TOP OF THE 1ST |
Santa Anna Dukes batting - Pitching for San Pablo de las Salinas Doctors : RHP Joe Bell
|
Pitching: RHP Joe Bell
|
|
Batting: RHB Alberto Morín
|
0-0: Ball 1-0: Ball 2-0: Called Strike 2-1: Called Strike 2-2: Foul Ball, location: 2F 2-2: Ball 3-2: Strikes out looking
|
Batting: RHB Ben Wilson
|
0-0: Called Strike 0-1: Foul Ball, location: 2F 0-2: Ball 1-2: Ball 2-2: Foul Ball, location: 2F 2-2: Ground out 5-3 (Groundball, 56)
|
Batting: RHB Jesús Velásquez
|
0-0: Ball 1-0: Called Strike 1-1: Foul Ball, location: 2F 1-2: Ball 2-2: Ball 3-2: Fly out, F8 (Flyball, 8RD)
|
Top of the 1st over - 0 run(s), 0 hit(s), 0 error(s), 0 left on base; Santa Anna 0 - San Pablo de las Salinas 0 |
BOTTOM OF THE 1ST |
San Pablo de las Salinas Doctors batting - Pitching for Santa Anna Dukes : RHP Christian Coleman
|
Pitching: RHP Christian Coleman
|
|
Batting: RHB Luis Samaripa
|
0-0: Called Strike 0-1: Ball 1-1: Bunted foul 1-2: Ball 2-2: Ball 3-2: Foul Ball, location: 2F 3-2: Strikes out looking
|
Batting: RHB Luis López
|
0-0: Ground out 5-3 (Groundball, 5)
|
Batting: RHB Sandro Hernández
|
0-0: Ball 1-0: Ball 2-0: Ball 3-0: Called Strike 3-1: Base on Balls
|
Batting: RHB Arturo Franco
|
0-0: Ball 1-0: Called Strike 1-1: Fly out, F9 (Flyball, 9LS)
|
Bottom of the 1st over - 0 run(s), 0 hit(s), 0 error(s), 1 left on base; Santa Anna 0 - San Pablo de las Salinas 0 |
TOP OF THE 2ND |
Santa Anna Dukes batting - Pitching for San Pablo de las Salinas Doctors : RHP Joe Bell
|
Batting: RHB Scott McGuire
|
0-0: Fly out, F9 (Flyball, 9S)
|
Batting: SHB Jerry Young
|
0-0: Ball 1-0: Called Strike 1-1: Swinging Strike 1-2: Ball 2-2: Ball 3-2: Base on Balls
|
Batting: RHB John Hutchins
|
0-0: Ball 1-0: Ball 2-0: SINGLE (Groundball, 56D) Jerry Young to second
|
Batting: RHB Brent Allen
|
0-0: Ball 1-0: Ball 2-0: Swinging Strike 2-1: Ball 3-1: Fly out, F4 (Line Drive, 4D)
|
Batting: RHB William Elliott
|
0-0: Ball 1-0: Ball 2-0: SINGLE (Groundball, 4D) Jerry Young to third John Hutchins to second Runner from 3rd tries for Home, SAFE, no throw
|
Batting: RHB Bob Cooper
|
0-0: Called Strike 0-1: Swinging Strike 0-2: Strikes out looking
|
Top of the 2nd over - 1 run(s), 2 hit(s), 0 error(s), 2 left on base; Santa Anna 1 - San Pablo de las Salinas 0 |
BOTTOM OF THE 2ND |
San Pablo de las Salinas Doctors batting - Pitching for Santa Anna Dukes : RHP Christian Coleman
|
Batting: SHB Frank Grant
|
0-0: Ball 1-0: DOUBLE (Line Drive, 5D)
|
Batting: SHB Carlos González
|
0-0: Called Strike 0-1: Swinging Strike 0-2: Strikes out swinging
|
Batting: LHB Jesús Rojas
|
0-0: Ball 1-0: Called Strike 1-1: Ball 2-1: Ball 3-1: Swinging Strike 3-2: SINGLE (Groundball, 5D) Frank Grant to third Runner from 3rd tries for Home, SAFE, no throw
|
Batting: RHB Mario Barker
|
0-0: Fly out, F8 (Flyball, 8RS)
|
Batting: RHB Ramón Sánchez
|
0-0: Called Strike 0-1: Foul Ball, location: 2F 0-2: Ball 1-2: Foul Ball, location: 2F 1-2: Fly out, F8 (Flyball, 89XD)
|
Bottom of the 2nd over - 1 run(s), 2 hit(s), 0 error(s), 1 left on base; Santa Anna 1 - San Pablo de las Salinas 1 |
TOP OF THE 3RD |
Santa Anna Dukes batting - Pitching for San Pablo de las Salinas Doctors : RHP Joe Bell
|
Batting: RHB Alberto Morín
|
0-0: Called Strike 0-1: Foul Ball, location: 2F 0-2: Strikes out swinging
|
Batting: RHB Ben Wilson
|
0-0: Ball 1-0: Ground out 5-3 (Groundball, 56)
|
Batting: RHB Jesús Velásquez
|
0-0: Called Strike 0-1: Hit by Pitch
|
Batting: RHB Scott McGuire
|
0-0: Called Strike Jesús Velásquez steals 2nd base 0-1: Ball 1-1: Ball 2-1: Ball 3-1: Foul Ball, location: 2F 3-2: Fly out, F8 (Flyball, 78S)
|
Top of the 3rd over - 0 run(s), 0 hit(s), 0 error(s), 1 left on base; Santa Anna 1 - San Pablo de las Salinas 1 |
BOTTOM OF THE 3RD |
San Pablo de las Salinas Doctors batting - Pitching for Santa Anna Dukes : RHP Christian Coleman
|
Batting: RHB Luis Samaripa
|
0-0: Fly out, F4 (Line Drive, 4)
|
Batting: RHB Luis López
|
0-0: Ball 1-0: Ball 2-0: Foul Ball, location: 2F 2-1: Ball 3-1: Called Strike 3-2: SINGLE (Groundball, 4MD)
|
Batting: RHB Sandro Hernández
|
0-0: Called Strike 0-1: Ball 1-1: Ball 2-1: Foul Ball, location: 2F 2-2: Ball Wild Pitch! Luis López to second 3-2: Strikes out swinging
|
Batting: RHB Arturo Franco
|
0-0: Foul Ball, location: 2F 0-1: Foul Ball, location: 2F 0-2: Ball 1-2: Foul Ball, location: 2F 1-2: Foul Ball, location: 2F 1-2: Strikes out looking
|
Bottom of the 3rd over - 0 run(s), 1 hit(s), 0 error(s), 1 left on base; Santa Anna 1 - San Pablo de las Salinas 1 |
TOP OF THE 4TH |
Santa Anna Dukes batting - Pitching for San Pablo de las Salinas Doctors : RHP Joe Bell
|
Batting: SHB Jerry Young
|
0-0: Foul Ball, location: 2F 0-1: Ball 1-1: Swinging Strike 1-2: Strikes out swinging
|
Batting: RHB John Hutchins
|
0-0: Called Strike 0-1: Ball 1-1: Ground out 4-3 (Groundball, 4)
|
Batting: RHB Brent Allen
|
0-0: Ball 1-0: Ground out 4-3 (Groundball, 4)
|
Top of the 4th over - 0 run(s), 0 hit(s), 0 error(s), 0 left on base; Santa Anna 1 - San Pablo de las Salinas 1 |
BOTTOM OF THE 4TH |
San Pablo de las Salinas Doctors batting - Pitching for Santa Anna Dukes : RHP Christian Coleman
|
Batting: SHB Frank Grant
|
0-0: Called Strike 0-1: Ball 1-1: Fly out, F7 (Flyball, 7)
|
Batting: SHB Carlos González
|
0-0: Called Strike 0-1: Swinging Strike 0-2: Strikes out swinging
|
Batting: LHB Jesús Rojas
|
0-0: Ball 1-0: Ball 2-0: Ground out 4-3 (Groundball, 4)
|
Bottom of the 4th over - 0 run(s), 0 hit(s), 0 error(s), 0 left on base; Santa Anna 1 - San Pablo de las Salinas 1 |
TOP OF THE 5TH |
Santa Anna Dukes batting - Pitching for San Pablo de las Salinas Doctors : RHP Joe Bell
|
Batting: RHB William Elliott
|
0-0: Ground out 5-3 (Groundball, 5)
|
Batting: RHB Bob Cooper
|
0-0: Called Strike 0-1: Fly out, F9 (Line Drive, 9S)
|
Batting: RHB Alberto Morín
|
0-0: Fly out, F9 (Flyball, 9)
|
Top of the 5th over - 0 run(s), 0 hit(s), 0 error(s), 0 left on base; Santa Anna 1 - San Pablo de las Salinas 1 |
BOTTOM OF THE 5TH |
San Pablo de las Salinas Doctors batting - Pitching for Santa Anna Dukes : RHP Christian Coleman
|
Batting: RHB Mario Barker
|
0-0: Ball 1-0: Ground out 1-3 (Groundball, 13)
|
Batting: RHB Ramón Sánchez
|
0-0: Ball 1-0: Called Strike 1-1: Foul Ball, location: 2F 1-2: Ball 2-2: Fly out, F7 (Flyball, 7D)
|
Batting: RHB Luis Samaripa
|
0-0: Ball 1-0: Ground out U3 (Groundball, 34)
|
Bottom of the 5th over - 0 run(s), 0 hit(s), 0 error(s), 0 left on base; Santa Anna 1 - San Pablo de las Salinas 1 |
TOP OF THE 6TH |
Santa Anna Dukes batting - Pitching for San Pablo de las Salinas Doctors : RHP Joe Bell
|
Batting: RHB Ben Wilson
|
0-0: Ball 1-0: Foul Ball, location: 2F 1-1: Foul Ball, location: 2F 1-2: Foul Ball, location: 2F 1-2: Ground out 4-3 (Groundball, 34)
|
Batting: RHB Jesús Velásquez
|
0-0: Ball 1-0: Foul Ball, location: 2F 1-1: Ball 2-1: Foul Ball, location: 2F 2-2: Fly out, F8 (Flyball, 78S)
|
Batting: RHB Scott McGuire
|
0-0: Ball 1-0: Called Strike 1-1: Ground out 5-3 (Groundball, 56)
|
Top of the 6th over - 0 run(s), 0 hit(s), 0 error(s), 0 left on base; Santa Anna 1 - San Pablo de las Salinas 1 |
BOTTOM OF THE 6TH |
San Pablo de las Salinas Doctors batting - Pitching for Santa Anna Dukes : RHP Christian Coleman
|
Batting: RHB Luis López
|
0-0: Called Strike 0-1: Foul Ball, location: 2F 0-2: Fly out, F6 (Line Drive, 6D)
|
Now at SS: Júlio González
|
|
Batting: RHB Sandro Hernández
|
0-0: Ball 1-0: Swinging Strike 1-1: Ball 2-1: Ball 3-1: Base on Balls
|
Batting: RHB Arturo Franco
|
0-0: Fly out, F7 (Flyball, 78S)
|
Batting: SHB Frank Grant
|
0-0: Called Strike 0-1: Foul Ball, location: 2F 0-2: Ball 1-2: Strikes out looking
|
Bottom of the 6th over - 0 run(s), 0 hit(s), 0 error(s), 1 left on base; Santa Anna 1 - San Pablo de las Salinas 1 |
TOP OF THE 7TH |
Santa Anna Dukes batting - Pitching for San Pablo de las Salinas Doctors : RHP Joe Bell
|
Pinch Hitting: LHB John Miller
|
0-0: Swinging Strike 0-1: Ground out 4-3 (Groundball, 4M)
|
Pitching: RHP Elijah Justice
|
|
Batting: RHB John Hutchins
|
0-0: Ball 1-0: Foul Ball, location: 2F 1-1: Ground out 5-3 (Groundball, 56)
|
Batting: RHB Brent Allen
|
0-0: Called Strike 0-1: Ball 1-1: Foul Ball, location: 2F 1-2: Ball 2-2: Strikes out swinging
|
Top of the 7th over - 0 run(s), 0 hit(s), 0 error(s), 0 left on base; Santa Anna 1 - San Pablo de las Salinas 1 |
BOTTOM OF THE 7TH |
San Pablo de las Salinas Doctors batting - Pitching for Santa Anna Dukes : RHP Christian Coleman
|
Pitching: LHP Steve Yates
|
|
Now in LF: John Miller
|
|
Pinch Hitting: RHB Phil Moore
|
0-0: Called Strike 0-1: Ground out 1-3 (Groundball, 13S)
|
Batting: LHB Jesús Rojas
|
0-0: Ball 1-0: Called Strike 1-1: Foul Ball, location: 2F 1-2: Foul Ball, location: 2F 1-2: Ball 2-2: Strikes out swinging
|
Pinch Hitting: RHB Jesús Pérez
|
0-0: Ball 1-0: Foul Ball, location: 2F 1-1: Foul Ball, location: 2F 1-2: Ground out 3-1 (Groundball, 34)
|
Bottom of the 7th over - 0 run(s), 0 hit(s), 0 error(s), 0 left on base; Santa Anna 1 - San Pablo de las Salinas 1 |
TOP OF THE 8TH |
Santa Anna Dukes batting - Pitching for San Pablo de las Salinas Doctors : RHP Elijah Justice
|
Now at 2B: Arthur Hopkins
|
|
Now in LF: Jesús Pérez
|
|
Pinch Hitting: SHB Lonnie Washington
|
0-0: Called Strike 0-1: Called Strike 0-2: Ball 1-2: Foul Ball, location: 2F 1-2: Ball 2-2: Strikes out looking
|
Batting: RHB Júlio González
|
0-0: Ball 1-0: Foul Ball, location: 2F 1-1: Foul Ball, location: 2F 1-2: Ball 2-2: Foul Ball, location: 2F 2-2: Ground out U3 (Groundball, 3L)
|
Batting: RHB Alberto Morín
|
0-0: Foul Ball, location: 2F 0-1: Foul Ball, location: 2F 0-2: Ball 1-2: Ball 2-2: Strikes out swinging
|
Top of the 8th over - 0 run(s), 0 hit(s), 0 error(s), 0 left on base; Santa Anna 1 - San Pablo de las Salinas 1 |
BOTTOM OF THE 8TH |
San Pablo de las Salinas Doctors batting - Pitching for Santa Anna Dukes : LHP Steve Yates
|
Now in CF: Rory Howard
|
|
Pinch Hitting: RHB Javier Hernández
|
0-0: Called Strike 0-1: Ball 1-1: TRIPLE (Line Drive, 9LS)
|
Batting: RHB Luis Samaripa
|
0-0: Ground out 4-3 (Groundball, 4)
|
Batting: RHB Luis López
|
0-0: Fly out, F9 (Flyball, 9LS)
|
Batting: RHB Sandro Hernández
|
0-0: Ball Passed Ball! Javier Hernández scores 1-0: Ball 2-0: Foul Ball, location: 2F 2-1: Foul Ball, location: 2F 2-2: Ball 3-2: Strikes out looking
|
Bottom of the 8th over - 1 run(s), 1 hit(s), 0 error(s), 0 left on base; Santa Anna 1 - San Pablo de las Salinas 2 |
TOP OF THE 9TH |
Santa Anna Dukes batting - Pitching for San Pablo de las Salinas Doctors : RHP Elijah Justice
|
Pitching: LHP Rodrigo Álvarez
|
|
Now at 1B: Julián Díaz
|
|
Batting: RHB Ben Wilson
|
0-0: Called Strike 0-1: Called Strike 0-2: Ground out 6-3 (Groundball, 6)
|
Batting: RHB Jesús Velásquez
|
0-0: Called Strike 0-1: Fly out, F7 (Flyball, 78M)
|
Batting: RHB Scott McGuire
|
0-0: Ball 1-0: Swinging Strike 1-1: Ball 2-1: Fly out, F5 (Popup, 5S)
|
Top of the 9th over - 0 run(s), 0 hit(s), 0 error(s), 0 left on base; Santa Anna 1 - San Pablo de las Salinas 2 |
|